 Dungeon Crawl Stone Soup version bcrawl-1.21.2-20-g6d45ba5942 (webtiles) character file.

Game seed: 9124529524525984615

406 Revguard the Ruffian (level 6, 0/52 HPs)
             Began as a Draconian Martial Artist on Feb 26, 2020.
             Was a Priest of Wu Jian.
             Slain by an ogre
             ... wielding a +0 giant club
              (19 damage)
             ... on level 4 of the Dungeon.
             The game lasted 00:16:08 (3074 turns).

Revguard the Ruffian (Draconian Martial Artist)     Turns: 3074, Time: 00:16:08

Health: 0/52       AC:  8    Str: 15    XL:     6   Next: 56%
Magic:  9/9        EV: 13    Int: 10    God:    Wu Jian [***...]
Gold:   242        SH:  0    Dex: 14    Spells: 4/9 levels left

rFire    . . .     SeeInvis .     - Unarmed
rCold    . . .     Gourm    .   (no shield)
rNeg     . . .     Faith    .   (armour unavailable)
rPois    .         Spirit   .   (helmet restricted)
rElec    .         Reflect  .   k - +0 cloak
rCorr    .         Harm     .   b - +0 pair of gloves
MR       .....                  (no boots)
Stlth    ++........             (no amulet)
HPRegen  0.17/turn              (no ring)
MPRegen  0.11/turn              (no ring)

@: lightly drained
A: unfitting armour, cold-blooded, AC +6
a: Wall Jump, Serpent's Lash, Renounce Religion


You were on level 4 of the Dungeon.
You worshipped Wu Jian.
Wu Jian was most pleased with you.
You were not hungry.

You visited 1 branch of the dungeon, and saw 4 of its levels.

You collected 242 gold pieces.

Inventory:

Hand Weapons
 l - a +0 blowgun
Missiles
 m - 12 curare-tipped needles
Armour
 b - a +0 pair of gloves (worn)
 k - a +0 cloak (worn)
Wands
 o - a wand of random effects (6)
Scrolls
 c - a scroll of amnesia
 d - a scroll of identify
 h - 2 scrolls of fog
 j - a scroll of noise
 p - a scroll of teleportation
Potions
 n - 2 potions of heal wounds
Comestibles
 e - 5 rations {!d}


   Skills:
 + Level 3.7(3.4) Fighting
 + Level 3.7(3.5) Dodging
 + Level 2.3(2.0) Stealth
 + Level 6.0(5.7) Unarmed Combat
 * Level 2.1(1.8) Spellcasting
 + Level 1.5(1.3) Hexes
 * Level 1.0(0.7) Necromancy


You had 4 spell levels left.
You knew the following spells:

 Your Spells              Type           Power        Failure   Level  Hunger
a - Confusing Touch       Hex            #.......     19%         1    ##.....
b - Pain                  Necr           #.....       24%         1    ##.....
c - Vampiric Draining     Necr           #.........   56%         3    ####...

Your spell library contained the following spells:

 Spells                   Type           Power        Failure   Level  Hunger
 Animate Skeleton         Necr           N/A          24%         1    ##.....
 Regeneration             Chrm/Necr      #.........   63%         3    ####...
 Animate Dead             Necr           N/A          93%         4    #####..
 Bolt of Draining         Conj/Necr      #.........   100%        5    ######.


Dungeon Overview and Level Annotations

Branches:
Dungeon (4/12)
 Temple: D:4-7

Altars:
Hepliaklqana

Annotations:
D:3 1 runed translucent door, nione's ghost, amateur TrBe


Innate Abilities, Weirdness & Mutations

Your plain brown scales are hard. (AC +6)
You cannot fit into any form of body armour.
You are cold-blooded and may be slowed by cold attacks.


Message History

You hit the ogre but do no damage. You hit the ogre. You punch the ogre.
The ogre is lightly wounded.
The ogre hits you with a +0 giant club.
The orc priest calls down the wrath of Beogh upon you.
Beogh smites you!
Aiming: Wall Jump
Press: ? - help, Dir - move target cursor You repeatedly attack the ogre from above.
You closely miss the ogre.
The ogre is lightly wounded.
You hit the ogre.
The ogre is lightly wounded.
You punch the ogre!
The ogre is moderately wounded.
The ogre barely misses you.
The orc priest invokes the aid of Beogh against you.
Pain shoots through your body!
The ogre hits you with a +0 giant club!!
You die...

#####..O.#######)#########.#.#
o...5...# #.#########.#.#
....O...# #.#.........#.#
....).#.## #.#.#########.#
.######.# #.#.# #.# #.# #5#.#
#.# #. #######o#.# #.#
#.......°.# #.# #.....@O°.#
#.# #.........# #.#
#.........#########.#
#...................#
#........)########### #.
#.........# #.##.........#
........####.###
...............#


You could see an ogre, an orc priest and a crimson imp.

Vanquished Creatures
  An orc warrior (D:4)
  A howler monkey (D:3)
  A crimson imp (D:3)
  2 orc wizards
  4 gnolls (D:3)
  6 adders (D:3)
  5 worms
  3 dart slugs
  2 leopard geckos
  6 orcs
  2 ball pythons
  6 bats
  3 giant cockroaches
  4 goblins (D:1)
  6 hobgoblins
  2 jackals
  2 quokkas
  5 frilled lizards
  13 kobolds
  7 rats
81 creatures vanquished.

Notes
Turn   | Place    | Note
-------+----------+-------------------------------------------
     0 | D:1      | Revguard the Draconian Martial Artist began the quest for
                  | the Orb.
     0 | D:1      | Reached XP level 1. HP: 19/19 MP: 2/2
   111 | D:1      | Reached XP level 2. HP: 21/26 MP: 3/3
   635 | D:1      | Reached XP level 3. HP: 31/31 MP: 4/4
   708 | D:1      | Reached ** piety under Wu Jian
   980 | D:2      | Found a hazy altar of Hepliaklqana.
  1597 | D:3      | Reached skill level 1 in Hexes
  1597 | D:3      | Reached XP level 4. HP: 23/38 MP: 5/5
  1600 | D:3      | Reached skill level 5 in Unarmed Combat
  1682 | D:3      | Reached XP level 5. HP: 12/45 MP: 6/6
  1863 | D:3      | Learned a level 1 spell: Pain
  2168 | D:3      | Found a runed translucent door.
  2172 | D:3      | Noticed nione's ghost (amateur TrBe)
  2209 | D:3      | Reached *** piety under Wu Jian
  2248 | D:3      | Learned a level 3 spell: Vampiric Draining
  2465 | D:3      | Reached XP level 6. HP: 47/51 MP: 5/8
  2679 | D:4      | Noticed an orc warrior
  2700 | D:4      | Killed an orc warrior
  2700 | D:4      | Reached skill level 6 in Unarmed Combat
  3062 | D:4      | Reached skill level 1 in Necromancy
  3074 | D:4      | Slain by an ogre

Skill      XL: |  1  2  3  4  5  6 |
---------------+-------------------+-----
Dodging        | 3 |  3.7
Hexes          | 1 |  1.5
Unarmed Combat | 5 6 |  6.0
Stealth        | 2 |  2.3
Spellcasting   | 2 |  2.1
Necromancy     | 1 |  1.0
Fighting       | |  3.7

Action                   |  1- 3 |  4- 6 || total
-------------------------+-------+-------++-------
Melee: Unarmed           |   172 |   193 ||   365
       Tailslap          |    15 |    34 ||    49
       Punch             |     2 |     4 ||     6
 Cast: Confusing Touch   |     4 |     4 ||     8
       Pain              |       |     7 ||     7
Invok: Whirlwind         |    97 |   130 ||   227
       Lunge             |    26 |    14 ||    40
 Abil: Wall Jump         |     6 |     3 ||     9
       Serpent's Lash    |     1 |     2 ||     3
  Use: Potion            |     1 |     6 ||     7
       Scroll            |       |     8 ||     8
 Stab: Sleeping          |     9 |       ||     9
  Eat: Chunk             |     3 |     5 ||     8
Armor: Skin              |    25 |    41 ||    66
Dodge: Dodged            |    85 |   103 ||   188
